[ PARTIDA AOE2 · #473058238 ]
UnrankedBúlgaros vs Bulgarians
Equipo del jugador · DERR
Equipo rival · VICT
[ ANÁLISIS DE REPETICIÓN · EXTRAÍDO DE LA PARTIDA GRABADA ]
Feudal
9:08
Castillos
22:33
Imperial
35:47
| APM promedio | 30.4 |
| APM pico | 74 |
| eAPM promedio | 15.9 |
| Aldeanos / militares | 86 / 46 |
Foco
⚔️ 33.1% · 🌾 66.9%
Militia ×27 · Konnik ×11 · Battering Ram ×3 · Trebuchet (Packed) ×3 · Monk ×1 · Mangonel ×1
Feudal
9:18
Castillos
21:19
Imperial
33:51
| APM promedio | 55.8 |
| APM pico | 104 |
| eAPM promedio | 31.1 |
| Aldeanos / militares | 85 / 79 |
Foco
⚔️ 36.6% · 🌾 63.4%
Militia ×69 · Trebuchet (Packed) ×6 · Monk ×2 · Petard ×2
Mapa de la partida
Recursos iniciales + cada clic de construcción. Líneas = muros · curvas = relieve. ◆ oro · ⬟ piedra · ● bayas · ✦ reliquia · ◌ hueco del cierre
Tu base· ✓ Cerrada en 22:33 · 7t muro · 2 puerta(s)
Base de TW_Bee· ✓ Cerrada en 21:19 · 1t muro · 2 puerta(s)
Terreno inicial suavizado · ◌ = hueco del cierre detectado · pasá el cursor para detalles
Inputs por minuto
— JefferyCZ - - TW_Bee
Build order — JefferyCZ
Primeras 150 de 247 acciones detectadas
| 0:00 | Crear | Villager (Male) ×4 |
| 0:01 | Crear | Villager (Male) ×4 |
| 0:02 | Construir | House |
| 0:03 | Construir | House |
| 1:31 | Crear | Villager (Male) |
| 1:44 | Construir | Lumber Camp |
| 1:59 | Crear | Villager (Male) |
| 2:00 | Crear | Villager (Male) |
| 2:27 | Crear | Villager (Male) |
| 2:28 | Crear | Villager (Male) |
| 2:28 | Crear | Villager (Male) |
| 3:16 | Crear | Villager (Male) |
| 3:16 | Crear | Villager (Male) |
| 3:30 | Construir | House |
| 3:35 | Crear | Villager (Male) |
| 3:35 | Crear | Villager (Male) |
| 4:00 | Construir | House |
| 4:05 | Construir | House |
| 4:10 | Crear | Villager (Male) |
| 4:29 | Construir | Palisade Wall |
| 4:32 | Crear | Villager (Male) |
| 4:33 | Crear | Villager (Male) |
| 5:06 | Crear | Villager (Male) |
| 5:19 | Construir | Palisade Gate |
| 5:29 | Construir | Palisade Gate |
| 5:42 | Crear | Villager (Male) |
| 5:43 | Crear | Villager (Male) |
| 6:19 | Construir | Mill |
| 6:58 | Investigar | Feudal Age |
| 7:57 | Construir | Barracks |
| 8:03 | Crear | Villager (Male) |
| 8:48 | Crear | Militia |
| 8:48 | Crear | Militia |
| 9:06 | Crear | Militia |
| 9:08 | Edad | Edad Feudal |
| 9:30 | Crear | Villager (Male) |
| 9:30 | Crear | Villager (Male) |
| 9:47 | Investigar | Loom |
| 10:15 | Construir | Mining Camp |
| 10:27 | Construir | Watch Tower |
| 10:32 | Crear | Villager (Male) |
| 10:32 | Crear | Villager (Male) |
| 10:32 | Crear | Villager (Male) |
| 10:44 | Construir | House |
| 10:50 | Crear | Militia |
| 11:15 | Crear | Villager (Male) |
| 11:17 | Crear | Militia |
| 11:18 | Crear | Militia |
| 11:22 | Construir | House |
| 11:51 | Construir | House |
| 12:07 | Crear | Villager (Male) |
| 12:11 | Crear | Militia |
| 12:13 | Crear | Militia |
| 12:47 | Crear | Villager (Male) |
| 12:48 | Crear | Villager (Male) |
| 13:03 | Construir | Farm |
| 13:06 | Crear | Villager (Male) |
| 13:09 | Construir | Farm |
| 13:12 | Construir | Farm |
| 13:42 | Crear | Villager (Male) |
| 13:42 | Crear | Villager (Male) |
| 13:46 | Construir | Farm |
| 13:49 | Construir | Farm |
| 13:59 | Crear | Villager (Male) |
| 14:05 | Construir | House |
| 14:06 | Construir | House |
| 14:14 | Investigar | Arson |
| 14:17 | Construir | Farm |
| 14:34 | Crear | Villager (Male) |
| 14:34 | Crear | Villager (Male) |
| 14:35 | Crear | Villager (Male) |
| 14:37 | Construir | Farm |
| 14:44 | Crear | Militia ×2 |
| 14:54 | Construir | Farm |
| 15:01 | Crear | Villager (Male) |
| 15:01 | Crear | Villager (Male) |
| 15:08 | Construir | Farm |
| 15:31 | Crear | Villager (Male) |
| 15:31 | Crear | Villager (Male) |
| 15:31 | Crear | Villager (Male) |
| 15:34 | Construir | Farm |
| 16:03 | Crear | Villager (Male) |
| 16:03 | Crear | Villager (Male) |
| 16:05 | Construir | Farm |
| 16:11 | Investigar | Horse Collar |
| 16:13 | Crear | Villager (Male) |
| 16:21 | Investigar | Double-Bit Axe |
| 16:21 | Investigar | Double-Bit Axe |
| 16:40 | Crear | Villager (Male) |
| 16:45 | Construir | Farm |
| 16:52 | Construir | Farm |
| 17:13 | Crear | Villager (Male) |
| 17:13 | Crear | Villager (Male) |
| 17:17 | Construir | Farm |
| 17:20 | Construir | Farm |
| 18:00 | Crear | Villager (Male) |
| 18:06 | Construir | Lumber Camp |
| 18:31 | Construir | Market |
| 18:33 | Crear | Villager (Male) |
| 18:37 | Investigar | Wheelbarrow |
| 19:15 | Construir | Blacksmith |
| 19:34 | Crear | Militia |
| 19:52 | Investigar | Castle Age |
| 19:52 | Investigar | Castle Age |
| 19:56 | Construir | Mining Camp |
| 19:59 | Investigar | Gold Mining |
| 20:23 | Investigar | Scale Mail Armor |
| 20:38 | Investigar | Stone Mining |
| 20:45 | Crear | Militia |
| 20:46 | Crear | Militia |
| 20:51 | Construir | House |
| 20:52 | Construir | House |
| 21:09 | Crear | Militia |
| 21:12 | Investigar | Forging |
| 21:19 | Construir | Barracks |
| 22:04 | Construir | Barracks |
| 22:11 | Construir | Palisade Wall |
| 22:13 | Construir | Palisade Wall |
| 22:14 | Construir | Palisade Wall |
| 22:33 | Edad | Edad de los Castillos |
| 22:46 | Crear | Militia |
| 22:46 | Crear | Militia |
| 22:58 | Crear | Villager (Male) |
| 22:58 | Crear | Villager (Male) |
| 22:59 | Crear | Villager (Male) |
| 23:22 | Construir | Krepost |
| 23:29 | Crear | Militia |
| 23:35 | Investigar | Gambesons |
| 23:37 | Crear | Militia |
| 23:43 | Construir | Farm |
| 23:43 | Construir | Farm |
| 23:44 | Construir | Farm |
| 23:46 | Construir | Farm |
| 23:50 | Investigar | Heavy Plow |
| 23:51 | Crear | Villager (Male) |
| 23:51 | Crear | Villager (Male) |
| 23:57 | Construir | Town Center |
| 24:05 | Investigar | Fletching |
| 24:17 | Crear | Villager (Male) |
| 24:20 | Construir | Farm |
| 24:40 | Crear | Militia |
| 24:40 | Crear | Militia |
| 24:43 | Crear | Konnik |
| 25:40 | Construir | Krepost |
| 25:49 | Crear | Villager (Male) ×5 |
| 26:01 | Construir | Siege Workshop |
| 26:04 | Crear | Villager (Male) ×2 |
| 26:17 | Crear | Militia |
| 26:50 | Crear | Battering Ram |
| 26:54 | Construir | Farm |
Build order — TW_Bee
Primeras 150 de 267 acciones detectadas
| 0:01 | Crear | Villager (Male) |
| 0:01 | Crear | Villager (Male) |
| 0:01 | Crear | Villager (Male) |
| 0:02 | Crear | Villager (Male) |
| 0:02 | Crear | Villager (Male) |
| 0:03 | Construir | House |
| 0:05 | Construir | House |
| 1:33 | Crear | Villager (Male) |
| 2:06 | Crear | Villager (Male) |
| 2:06 | Crear | Villager (Male) |
| 2:29 | Crear | Villager (Male) |
| 2:29 | Crear | Villager (Male) |
| 2:37 | Construir | Lumber Camp |
| 2:47 | Crear | Villager (Male) |
| 2:47 | Crear | Villager (Male) |
| 3:05 | Crear | Villager (Male) |
| 3:22 | Construir | House |
| 3:26 | Crear | Villager (Male) |
| 3:47 | Crear | Villager (Male) |
| 3:47 | Crear | Villager (Male) |
| 4:01 | Crear | Villager (Male) |
| 4:38 | Crear | Villager (Male) |
| 4:51 | Crear | Villager (Male) |
| 5:37 | Construir | Barracks |
| 5:41 | Crear | Villager (Male) |
| 6:04 | Crear | Villager (Male) |
| 6:34 | Construir | House |
| 7:05 | Construir | House |
| 7:08 | Investigar | Feudal Age |
| 7:47 | Crear | Militia |
| 7:47 | Crear | Militia |
| 8:14 | Crear | Militia |
| 8:14 | Crear | Militia |
| 8:14 | Crear | Militia |
| 8:14 | Crear | Militia |
| 8:51 | Crear | Militia |
| 8:53 | Crear | Villager (Male) |
| 8:56 | Crear | Villager (Male) |
| 9:18 | Edad | Edad Feudal |
| 9:24 | Crear | Villager (Male) |
| 9:40 | Construir | Watch Tower |
| 10:13 | Construir | Watch Tower |
| 10:14 | Crear | Villager (Male) |
| 10:18 | Construir | Mill |
| 10:30 | Investigar | Double-Bit Axe |
| 10:42 | Construir | House |
| 11:22 | Crear | Villager (Male) |
| 11:30 | Construir | Blacksmith |
| 11:44 | Crear | Villager (Male) |
| 11:55 | Investigar | Loom |
| 12:41 | Crear | Villager (Male) |
| 12:42 | Crear | Villager (Male) |
| 12:44 | Construir | Farm |
| 12:58 | Construir | Palisade Gate |
| 13:08 | Construir | Mining Camp |
| 13:10 | Crear | Villager (Male) |
| 13:12 | Construir | Farm |
| 13:19 | Crear | Villager (Male) |
| 13:32 | Construir | Farm |
| 13:46 | Construir | House |
| 13:52 | Construir | Stone Wall |
| 13:54 | Crear | Villager (Male) |
| 13:54 | Crear | Villager (Male) |
| 14:02 | Construir | Farm |
| 14:16 | Investigar | Horse Collar |
| 14:29 | Crear | Villager (Male) |
| 14:38 | Construir | Watch Tower |
| 14:42 | Crear | Villager (Male) |
| 14:58 | Crear | Villager (Male) |
| 15:25 | Crear | Villager (Male) |
| 15:33 | Construir | Farm |
| 15:39 | Crear | Villager (Male) |
| 15:41 | Construir | Farm |
| 15:59 | Construir | Farm |
| 16:03 | Investigar | Wheelbarrow |
| 16:16 | Construir | Farm |
| 16:42 | Construir | Market |
| 16:49 | Construir | Farm |
| 16:58 | Crear | Villager (Male) |
| 17:36 | Construir | Farm |
| 18:02 | Crear | Villager (Male) |
| 18:09 | Construir | Mining Camp |
| 18:39 | Investigar | Castle Age |
| 18:53 | Construir | Farm |
| 19:03 | Construir | Farm |
| 19:09 | Construir | Farm |
| 19:16 | Construir | Farm |
| 19:22 | Crear | Militia |
| 19:22 | Crear | Militia |
| 19:22 | Crear | Militia |
| 19:22 | Crear | Militia |
| 19:35 | Construir | House |
| 19:38 | Construir | House |
| 19:43 | Investigar | Scale Mail Armor |
| 19:47 | Crear | Militia |
| 19:49 | Crear | Villager (Male) |
| 20:11 | Construir | House |
| 20:14 | Crear | Villager (Male) |
| 20:23 | Crear | Villager (Male) |
| 20:33 | Construir | Gate |
| 20:38 | Crear | Militia |
| 20:39 | Crear | Militia |
| 20:44 | Investigar | Arson |
| 20:48 | Investigar | Forging |
| 20:51 | Crear | Militia |
| 20:58 | Crear | Villager (Male) |
| 21:08 | Construir | Farm |
| 21:19 | Edad | Edad de los Castillos |
| 21:21 | Construir | House |
| 21:24 | Crear | Militia |
| 21:30 | Investigar | Chain Mail Armor |
| 21:36 | Construir | House |
| 21:42 | Crear | Militia |
| 21:57 | Crear | Villager (Male) |
| 22:15 | Crear | Villager (Male) |
| 22:15 | Crear | Villager (Male) |
| 22:26 | Construir | Krepost |
| 22:37 | Crear | Militia |
| 22:37 | Crear | Militia |
| 22:38 | Crear | Militia |
| 22:45 | Crear | Militia |
| 22:45 | Crear | Militia |
| 23:02 | Investigar | Fletching |
| 23:03 | Crear | Villager (Male) |
| 23:09 | Construir | Lumber Camp |
| 23:17 | Crear | Militia |
| 23:17 | Crear | Militia |
| 23:21 | Investigar | Iron Casting |
| 24:03 | Investigar | Bodkin Arrow |
| 24:03 | Crear | Villager (Male) |
| 24:04 | Crear | Villager (Male) |
| 24:05 | Construir | Farm |
| 24:06 | Construir | Farm |
| 24:07 | Crear | Villager (Male) |
| 24:23 | Investigar | Gambesons |
| 24:24 | Investigar | Squires |
| 24:32 | Crear | Villager (Male) |
| 24:44 | Investigar | Bow Saw |
| 24:47 | Construir | Farm |
| 24:48 | Crear | Villager (Male) |
| 25:15 | Crear | Villager (Male) |
| 25:18 | Investigar | Town Watch |
| 25:23 | Construir | Farm |
| 25:35 | Crear | Militia |
| 25:36 | Crear | Militia |
| 25:50 | Construir | Barracks |
| 25:53 | Crear | Militia |
| 25:53 | Crear | Militia |
| 25:53 | Crear | Militia |
| 25:55 | Construir | Farm |
Cronología de la partida
| 4:29 | JefferyCZ · wall_segment Palisade Wall x4 |
| 5:37 | TW_Bee · first_building Barracks |
| 7:57 | JefferyCZ · first_building Barracks |
| 9:08 | JefferyCZ · age_up feudal |
| 9:18 | TW_Bee · age_up feudal |
| 13:52 | TW_Bee · wall_segment Stone Wall x1 |
| 17:54 | TW_Bee · first_market_sell 100 wood |
| 17:56 | TW_Bee · first_market_buy 100 food |
| 21:19 | TW_Bee · age_up castle |
| 22:11 | JefferyCZ · wall_segment Palisade Wall x1 |
| 22:13 | JefferyCZ · wall_segment Palisade Wall x1 |
| 22:14 | JefferyCZ · wall_segment Palisade Wall x1 |
| 22:26 | TW_Bee · first_building Krepost |
| 22:33 | JefferyCZ · age_up castle |
| 23:14 | JefferyCZ · first_market_sell 100 food |
| 23:16 | JefferyCZ · first_market_buy 100 stone |
| 23:22 | JefferyCZ · first_building Krepost |
| 26:01 | JefferyCZ · first_building Siege Workshop |
| 28:20 | TW_Bee · first_building Monastery |
| 30:49 | JefferyCZ · first_building Monastery |
| 31:02 | TW_Bee · first_building Castle |
| 33:48 | JefferyCZ · first_building Castle |
| 33:51 | TW_Bee · age_up imperial |
| 35:47 | JefferyCZ · age_up imperial |
| 38:45 | JefferyCZ · resign |
[ ANÁLISIS IA · 1 CRÉDITO ]
¿Qué pasó realmente en esta partida?
Wolo.gg analiza cada decisión: build order, eco, micro, errores típicos por bracket. Análisis personalizado por WhatsApp o Discord en 30 segundos.
Guía civ
Búlgaros
Perfil
Jugador #16832321